 Dungeon Crawl Stone Soup version 0.15.2 (webtiles) character file.

93 JackS81 the Poker (level 4, 0/33 HPs)
             Began as a Merfolk Death Knight on Aug 18, 2017.
             Was a Believer of Yredelemnul.
             Succumbed to a gnoll's poison
             ... on Level 2 of the Dungeon.
             The game lasted 00:06:07 (1063 turns).

JackS81 the Poker (Merfolk Death Knight)            Turns: 1063, Time: 00:06:07

HP   0/33        AC  3     Str 14      XL: 4   Next: 61%
MP   6/6         EV 11     Int 10      God: Yredelemnul [**....]
Gold 46          SH  0     Dex 13      Spells:  0 memorised,  3 levels left

rFire  . . .     SeeInvis .     a - +1 spear
rCold  . . .     Clarity  .     b - +0 leather armour
rNeg   . . .     rCorr    .     (no shield)
rPois  .         rRot     .     (no helmet)
rElec  .         Spirit   .     (no cloak)
SustAb .         Warding  .     (no gloves)
rMut   .         Stasis   .     (no boots)
Gourm  .                        (no amulet)
MR     .....                    (no ring)
                                (no ring)

@: lethally poisoned, injury mirror, not resistant to hostile enchantments, very
unstealthy
A: change form in water, swift swim
a: Animate Remains, Recall Undead Slaves, Injury Mirror, Renounce Religion


You were on level 2 of the Dungeon.
You worshipped Yredelemnul.
Yredelemnul was pleased with you.
You were not hungry.

You visited 1 branch of the dungeon, and saw 2 of its levels.

You collected 46 gold pieces.

Inventory:

Hand weapons
 a - a +1 spear (weapon)
 l - a +0 hunting sling
 q - a +5 war axe
 u - a cursed -3 spear
Missiles
 k - 2 throwing nets (quivered)
 m - 18 stones
 r - 19 bolts of penetration
Armour
 b - a +0 leather armour (worn)
 e - a +0 large shield
Comestibles
 c - 2 bread rations
 d - 2 meat rations
 f - a slice of pizza
 h - a beef jerky
 n - a rotting chunk of goblin flesh
 o - a rotting chunk of giant cockroach flesh
 p - a rotting chunk of ball python flesh
 v - a chunk of gnoll flesh
Scrolls
 g - a scroll of identify {unknown}
 j - a scroll of enchant armour {unknown}
 t - a scroll of enchant weapon {unknown}


   Skills:
 - Level 2.1 Fighting
 * Level 6.8 Polearms
 - Level 0.6 Armour
 - Level 1.3 Dodging
 - Level 3.0 Invocations


You had 3 spell levels left.
You didn't know any spells.

Dungeon Overview and Level Annotations

Branches:
Dungeon (2/15)

Altars:
Fedhas
Trog


Message History

You feel sick. The gnoll barely misses you.
Drink which item? (? for menu, Esc to quit)
It has a very clean taste.
It was a potion of cure mutation.
* * * LOW HITPOINT WARNING * * *
You feel sick. The gnoll closely misses you.
* * * LOW HITPOINT WARNING * * *
You feel sick. The gnoll misses you.
* * * LOW HITPOINT WARNING * * *
You feel sick.
You see here a flail.
* * * LOW HITPOINT WARNING * * *
You feel sick.
* * * LOW HITPOINT WARNING * * *
You feel sick.
* * * LOW HITPOINT WARNING * * *
You feel sick.
* * * LOW HITPOINT WARNING * * *
You feel sick.
You die...
Your body rises from the dead as a mindless zombie.

..........................>......
###..####..##.######).........#.#
##. ##%## ##..))####.......# #..
##..)## #..#### #........# #.#
##.....###.## #.......?#
#.####.......#..# ##.......>.
#.##.(..._.....## #..........
##.##%#.......#..######)#..?...#.
#..##.##.....##.@..g....##....##.
(.(...)##...##.#####..#####..##
(.####.###.###. #..# #.## .## #.#
#.# .. #...# .# .# ##.# ... .#
#....# # .###...# .### #.##...
.#...### . ..# ##. ...# . .## #.
#.## ##


You could see a gnoll.

Vanquished Creatures
  2 gnolls (D:2)
  4 adders (D:2)
  2 giant geckos
  2 bats (D:1)
  A giant cockroach (D:2)
  7 goblins (D:2)
  6 hobgoblins
  3 jackals (D:2)
  5 kobolds (D:2)
  An ooze (D:1)
  2 ball pythons (D:2)
  2 giant newts
37 creatures vanquished.

Notes
Turn   | Place    | Note
--------------------------------------------------------------
     0 | D:1      | JackS81, the Merfolk Death Knight, began the quest for the Orb.
     0 | D:1      | Reached XP level 1. HP: 16/16 MP: 2/2
   196 | D:1      | Reached skill level 4 in Polearms
   196 | D:1      | Reached XP level 2. HP: 15/22 MP: 3/3
   473 | D:2      | Found a bloodstained altar of Trog.
   526 | D:2      | Reached skill level 5 in Polearms
   526 | D:2      | Reached XP level 3. HP: 22/27 MP: 5/5
   660 | D:2      | Found a blossoming altar of Fedhas.
   722 | D:2      | Acquired Yredelemnul's second power
   849 | D:2      | Reached skill level 6 in Polearms
   849 | D:2      | Reached XP level 4. HP: 15/33 MP: 6/6
  1061 | D:2      | HP: 1/33 [poisoned by a gnoll]
  1063 | D:2      | Succumbed to a gnoll's poison

Action                   |  1- 3 |  4- 6 || total
-------------------------+-------+-------++-------
Melee: Spear             |   120 |    40 ||   160
Invok: Injury Mirror     |       |     1 ||     1
  Use: Potion            |       |     1 ||     1
  Eat: Chunk             |       |     1 ||     1
